 Dungeon Crawl Stone Soup version 0.16.2-12-gd0ad4c3 (webtiles) character file.

731540 faibistes the Archmage (level 27, -5/172 HPs)
             Began as a Deep Elf Wizard on Mar 12, 2018.
             Was the Champion of Sif Muna.
             Slain by an azure jelly (43 damage)
             ... created by the royal jelly
             ... on level 6 of the Pits of Slime on Mar 15, 2018.
             The game lasted 08:56:46 (141244 turns).

faibistes the Archmage (Deep Elf Wizard)          Turns: 141244, Time: 08:56:47

Health: -5/172     AC: 17    Str:  4    XL:     27
Magic:  62/68      EV: 17    Int: 44    God:    Sif Muna [******]
Gold:   7930       SH:  0    Dex: 13    Spells: 11 memorised, 1 level left

rFire  + + +     SeeInvis .     v - staff of power
rCold  . . .     Clarity  .     l - +2 robe {rC+ rF+}
rNeg   + + +     SustAb   .     (no shield)
rPois  ∞         Gourm    .     c - +2 hat {Int+3}
rElec  .         Spirit   .     b - -1 cloak "Gyad" {Int+4}
rCorr  +         Warding  .     j - +2 pair of gloves
rMut   .         Stasis   .     D - +1 pair of boots of the Sunfish {rN+ MR+}
MR     ++++.                    W - amulet of resist corrosion
Stlth  ++........               T - ring of wizardry
                                V - ring of magical power

@: immune to fire clouds, lich-form, deflect missiles, incredibly resistant to
hostile enchantments, unstealthy
A: antennae 1, blurry vision 1, fire resistance 1
a: End Transformation, Channel Energy, Forget Spell, Renounce Religion
}: 3/15 runes: decaying, silver, gossamer


You were on level 6 of the Pits of Slime.
You worshipped Sif Muna.
Sif Muna was exalted by your worship.
You were not hungry.
You were a lich.
You visited 12 branches of the dungeon, and saw 63 of its levels.
You also visited: Trove.

You collected 10815 gold pieces.
You spent 2885 gold pieces at shops.

Inventory:

Hand weapons
 w - the +2 morningstar "Echamm" {drain, MR+ Int+5 SInv}
   (You found it on level 2 of the Depths)

   A truly terrible weapon, it drains the life of those it strikes.
   It affects your intelligence (+5).
   It affects your resistance to hostile enchantments.
   It enhances your eyesight.
Armour
 b - the -1 cloak "Gyad" (worn) {Int+4}
   (You found it in a treasure trove)

   It affects your intelligence (+4).
 c - a +2 hat of intelligence (worn)
 j - a +2 pair of gloves (worn)
 l - a +2 robe of resistance (worn)
 D - the +1 pair of boots of the Sunfish (worn) {rN+ MR+}
   (You found it on level 6 of the Dungeon)

   It protects you from negative energy.
   It affects your resistance to hostile enchantments.
Magical staves
 v - an uncursed staff of power (weapon)
 S - an uncursed staff of fire
Jewellery
 y - the amulet of Virtue {rElec Regen+ Stlth+}
   (You bought it in a shop on level 15 of the Dungeon)

   [amulet of regeneration]

   It insulates you from electricity.
   It increases your rate of regeneration.
   It makes you more stealthy.
 M - an uncursed amulet of resist mutation
 O - the ring of Riysm {+Fly rC+ Int+2}
   (You took it off an ironbrand convoker on level 3 of the Vaults)

   [ring of protection from cold]

   It affects your intelligence (+2).
   It protects you from cold.
   It lets you fly.
 T - a ring of wizardry (right hand)
 V - a ring of magical power (left hand)
 W - an amulet of resist corrosion (around neck)
 Z - an uncursed ring of protection from magic
Magical devices
 e - a wand of lightning (6)
 i - a wand of cold (8)
 m - a wand of fire (7)
 x - a wand of digging (11)
 C - a wand of teleportation (7)
 G - a wand of heal wounds (5)
Scrolls
 a - 12 scrolls of identify
 g - 18 scrolls of remove curse
 p - 5 scrolls of immolation
 r - 7 scrolls of fog
 E - 4 scrolls of summoning
 J - 15 scrolls of teleportation
 K - 6 scrolls of blinking
 N - 9 scrolls of recharging
 Q - 4 scrolls of fear
 Y - 6 scrolls of magic mapping
Potions
 f - 4 potions of resistance
 h - 6 potions of magic
 k - 14 potions of restore abilities
 n - 5 potions of heal wounds
 q - 5 potions of invisibility
 A - 8 potions of curing
 B - 8 potions of haste
 F - 9 potions of cancellation
 H - 4 potions of flight
 I - 10 potions of brilliance
 P - 4 potions of cure mutation
 U - 16 potions of ambrosia
Miscellaneous
 o - a phial of floods
Comestibles
 d - a bread ration
 s - a slice of pizza
 z - 40 meat rations


   Skills:
 + Level 17.3 Fighting
 - Level 10.1 Dodging
 - Level 2.4 Stealth
 O Level 27 Spellcasting
 + Level 21.8 Conjurations
 - Level 9.0 Charms
   Level 3.5 Summonings
 * Level 15.1 Necromancy
 - Level 14.0 Translocations
 - Level 3.0 Transmutations
 + Level 21.8 Fire Magic
 + Level 16.6 Ice Magic
 - Level 5.0 Air Magic
 + Level 21.6 Earth Magic
   Level 2.4 Poison Magic
 + Level 11.8 Invocations
 - Level 9.2 Evocations


You had one spell level left.
You knew the following spells:

 Your Spells              Type           Power        Failure   Level  Hunger
a - Lehudib's Crystal Sp  Conj/Erth      ########..   1%          8    N/A
b - Ring of Flames        Chrm/Fire      ########..   1%          7    N/A
c - Glaciate              Conj/Ice       #######...   4%          9    N/A
d - Controlled Blink      Tloc           N/A          1%          7    N/A
e - Fire Storm            Conj/Fire      #########.   1%          9    N/A
f - Deflect Missiles      Chrm/Air       #######...   1%          6    N/A
g - Necromutation         Trmt/Necr      ########..   17%         8    N/A
h - Haste                 Chrm           #######.     1%          6    N/A
m - Shatter               Erth           ########..   1%          9    N/A
v - Bolt of Fire          Conj/Fire      #########.   0%          6    N/A
x - Force Lance           Conj/Tloc      ########     0%          4    N/A

Dungeon Overview and Level Annotations

Branches:
Dungeon (15/15)            Temple (1/1) D:7            Lair (8/8) D:9
  Swamp (5/5) Lair:6       Spider (5/5) Lair:5        Slime (6/6) Lair:6
    Orc (4/4) D:11            Elf (3/3) Orc:4        Vaults (5/5) D:14
  Crypt (0/3) Vaults:3     Depths (5/5) D:15           Hell (1/1)
    Dis (0/7) Hell            Geh (0/7) Hell            Coc (0/7) Hell
    Tar (0/7) Hell            Zot (5/5) Depths:5

Altars:
Ashenzari
Cheibriados
Dithmenos
Elyvilon
Fedhas
Gozag
Kikubaaqudgha
Makhleb
Nemelex Xobeh
Okawaru
Qazlal
Ru
Sif Muna
Trog
Vehumet
Xom
Yredelemnul
Zin
The Shining One
Jiyva

Shops:
D:4 !   D:6 *   D:7 (   D:11 }   D:15 ?=   Orc:1 }   Orc:2 [   Orc:3 }
Orc:4 !![=   Elf:2 %   Elf:3 %   Vaults:5 *   Depths:1 *

Portals:
Hell: Depths:1 Depths:2 Depths:3 Depths:4 Depths:5
Abyss: Depths:2 Depths:4 Depths:5
Pandemonium: Depths:3 Depths:5
Ziggurat: Depths:4

Annotations:
Vaults:1 DEFE's ghost, mighty DEWr; Mennas


Innate Abilities, Weirdness & Mutations

You are immune to clouds of flame.
You have a pair of small antennae on your head.
Scrolls take you a little longer to read.
Your flesh is heat resistant.


Message History

The azure jelly hits you! The azure jelly closely misses you.
The azure jelly completely misses you. The azure jelly hits you!
The azure jelly freezes you!!
The azure jelly hits you but does no damage.
The azure jelly misses you. The death ooze closely misses you.
The death ooze barely misses you.
The acid blob quivers.
The death ooze quivers.
There is a stone staircase leading up here.
The azure jelly is engulfed in roaring flames.
The azure jelly hits you but does no damage.
The azure jelly hits you! The azure jelly freezes you!!
* * * LOW HITPOINT WARNING * * *
The azure jelly hits you!
* * * LOW HITPOINT WARNING * * *
The azure jelly hits you but does no damage.
The azure jelly is engulfed in roaring flames.
The azure jelly hits you.
* * * LOW HITPOINT WARNING * * *
The azure jelly freezes you!!!
You die...

#... ##.....
##.......
##.........
#..........
#..........
###.J§J.......
#...§L§.J..J..
#......JJ§.......
...............
...............
...............
.............
.....GJ....
......... ...


You could see 2 acid blobs, 3 azure jellies, a great orb of eyes and 2 death
oozes.

Vanquished Creatures
  the royal jelly (Slime:6)
  The ghost of faibistes the Archmage, a legendary DEWz of Sif Muna (Zot:4)
  7 orbs of fire
  9 ancient liches
  Boris (Depths:4)
  the Lernaean hydra (Swamp:5)
  Saint Roka (Vaults:2)
  5 Killer Klowns
  4 curse toes
  Geryon (Hell)
  13 golden dragons
  Xtahua (Vaults:2)
  the Enchantress (Depths:2)
  A bone dragon (Depths:5)
  The ghost of magipi the Eviscerator, a great FeBe of Trog (Zot:5)
  4 electric golems (Zot:5)
  A spellforged servitor (Vaults:5)
  19 tentacled monstrosities
  21 Orb Guardians (Zot:5)
  3 deep elf blademasters
  8 titans
  4 liches
  14 acid blobs
  2 deep elf master archers (Elf:3)
  A quicksilver dragon (Depths:3)
  3 octopode crushers
  The ghost of DEFE the Eclecticist, a mighty DEWr of Vehumet (Vaults:1)
  10 sphinxes
  2 ancient champions (Hell)
  Kirke (Elf:1)
  10 shadow dragons
  18 storm dragons
  Frances (Spider:4)
  7 fire giants
  6 draconian monks
  6 azure jellies
  7 tengu reavers
  13 vault wardens
  A cacodemon (Zot:5)
  Maud (Lair:2)
  9 frost giants
  4 draconian knights
  2 iron dragons
  7 deep elf sorcerers
  Aizul (Vaults:1)
  Louise (Elf:1)
  9 draconian scorchers
  6 draconian zealots
  13 emperor scorpions
  4 war gargoyles
  6 ghost moths
  Gastronok (Lair:3)
  2 balrugs
  9 spriggan defenders
  Jorgrun (Elf:2)
  3 draconian annihilators
  6 reapers
  A stone giant (shapeshifter) (Depths:1)
  13 very ugly things
  16 ironheart preservers
  2 draconian callers
  11 grey draconians
  5 vampire knights
  7 draconian shifters
  23 stone giants
  4 salamander firebrands
  7 green draconians
  10 deep elf demonologists
  Azrael (Spider:4)
  14 purple draconians
  4 yellow draconians
  6 white draconians
  9 mottled draconians
  6 pale draconians
  4 red draconians
  5 black draconians
  2 dire elephants
  11 deep elf annihilators
  A crystal guardian (Vaults:1)
  A fire dragon (shapeshifter) (Vaults:1)
  10 ettins
  Snorg (Lair:7)
  2 death oozes (Slime:6)
  An unborn (Hell)
  2 merfolk javelineers (Depths:3)
  6 deep elf high priests
  11 deep elf death magi
  5 minotaurs
  43 vault guards
  Josephine (Elf:1)
  24 fire dragons
  9 great orbs of eyes
  3 jiangshi (Depths:3)
  16 ogre magi
  3 death cobs
  29 hydras
  2 kraken zombies (Hell)
  Fannar (Lair:4)
  Harold (D:13)
  12 ice dragons
  21 yaktaur captains
  5 spriggan air magi
  2 catoblepae
  6 ghost crabs
  11 centaur warriors
  8 rakshasas
  12 deep troll earth magi
  15 dancing weapons (Elf:2)
  8 alligators
  2 tengu warriors (Depths:3)
  29 death yaks
  2 hell beasts (Hell)
  16 deep troll shamans
  6 hell hogs (Hell)
  4 vampire magi
  2 orc high priests
  Urug (D:10)
  9 spriggan berserkers
  A shock serpent (shapeshifter) (Depths:3)
  2 soul eaters (Hell)
  Nergalle (Lair:2)
  20 deep elf knights
  5 sun demons
  10 iron trolls
  27 skeletal warriors
  A death drake (Zot:4)
  54 deep trolls
  A hell knight (Depths:5)
  A titan skeleton (Depths:4)
  5 flayed ghosts
  4 salamander mystics (Depths:3)
  2 ice devils
  A fire crab (Vaults:5)
  13 swamp dragons
  2 giant orange brains
  A storm dragon skeleton (Depths:4)
  A shadow demon (Zot:5)
  An ice statue (Hell)
  2 shambling mangroves
  6 unseen horrors
  An obsidian statue (Elf:2)
  31 ironbrand convokers
  6 wizards
  11 orc knights
  An anaconda skeleton (Hell)
  15 deep elf summoners
  6 harpies
  46 ugly things
  A faun (shapeshifter) (Vaults:5)
  7 griffons
  A wolf spider zombie (D:15)
  20 orb spiders
  A shadow dragon skeleton (Depths:4)
  40 wolf spiders
  A necromancer (D:15)
  5 phantasmal warriors
  36 moths of wrath
  A draconian zombie (Zot:4)
  A manticore (shapeshifter) (Vaults:1)
  8 hornets
  A cyclops (shapeshifter) (Depths:5)
  3 hill giants
  24 deep elf conjurers
  A moth of wrath (shapeshifter) (D:12)
  11 orc sorcerers
  3 shining eyes
  3 tengu skeletons (Depths:4)
  A draconian (shapeshifter) (D:12)
  A sphinx skeleton (Depths:4)
  2 salamanders
  An octopode (shapeshifter) (Depths:1)
  3 manticores
  9 cyclopes
  A fire giant skeleton (Depths:4)
  Maurice (D:11)
  2 gargoyles
  27 elephants
  Joseph (D:11)
  An eye of devastation (shapeshifter) (Vaults:3)
  A molten gargoyle (Hell)
  An orange demon (Elf:3)
  25 spiny frogs
  6 black mambas
  A queen ant (Lair:8)
  26 vault sentinels
  3 torpor snails
  8 centaur skeletons
  2 hellions
  7 kobold demonologists
  Psyche (Orc:1)
  3 black mambas (shapeshifter)
  8 komodo dragons
  A fire drake (shapeshifter) (Vaults:3)
  A komodo dragon (shapeshifter) (Vaults:3)
  25 demonic crawlers
  33 jumping spiders
  An elf (shapeshifter) (Depths:1)
  4 freezing wraiths
  A hellwing (Depths:3)
  A queen bee (Depths:3)
  13 deep elf priests
  3 red devils
  A hydra zombie (Hell)
  5 fire drakes
  5 tengu conjurers
  53 yaktaurs
  11 trolls
  A tengu simulacrum (Vaults:1)
  A two-headed ogre (shapeshifter) (Depths:5)
  26 fire vortices
  A polar bear (shapeshifter) (Vaults:4)
  Sonja (Elf:1)
  4 giant leeches
  A hydra skeleton (Hell)
  4 polar bears
  14 blink frogs
  18 bog bodies
  A merfolk (shapeshifter) (Depths:3)
  9 boulder beetles
  27 two-headed ogres
  38 deep elf magi
  122 slime creatures
  An alligator zombie (Hell)
  2 hornet zombies
  24 ravens
  30 spriggans
  A frost giant simulacrum (Vaults:3)
  A snapping turtle (shapeshifter) (Vaults:3)
  5 basilisks
  3 air elementals (Depths:3)
  5 wraiths
  8 fire elementals
  68 yaks
  15 trapdoor spiders
  29 tarantellas
  6 wyverns
  6 golden eyes (Slime:1)
  2 shadows
  73 redbacks
  A ynoxinul (Zot:2)
  A redback (shapeshifter) (Vaults:2)
  6 hogs (Elf:1)
  6 water elementals
  4 vampires
  2 hungry ghosts (D:11)
  4 fire bats (Depths:4)
  10 hippogriffs
  33 deep elf fighters
  24 vampire mosquitoes
  7 wolves
  2 mottled dragons (Vaults:1)
  Edmund (D:6)
  A yaktaur simulacrum (Vaults:2)
  Menkaure (D:5)
  2 soldier ants (shapeshifter)
  31 swamp worms
  9 insubstantial wisps (Swamp:2)
  7 soldier ants (Lair:8)
  18 porcupines
  2 spiny frog zombies (Hell)
  14 ice beasts
  7 wargs
  43 orc warriors
  A black bear (shapeshifter) (Vaults:2)
  2 elf zombies (Elf:1)
  37 water moccasins
  7 hell hounds
  40 spiders
  16 swamp drakes
  8 eyes of draining
  3 sky beasts
  5 phantoms
  A black bear (Lair:8)
  20 wasps
  An ettin simulacrum (Vaults:3)
  16 boggarts
  62 ogres
  A boring beetle (Spider:5)
  25 crocodiles
  Duvessa (D:9)
  9 big kobolds
  31 centaurs
  A brain worm (D:14)
  Blork the orc (D:9)
  25 giant frogs
  A gnoll sergeant (D:5)
  10 scorpions
  A wyvern zombie (D:13)
  2 troll zombies (D:11)
  A wyvern skeleton (D:12)
  29 killer bees
  4 electric eels
  15 hounds
  12 wights
  A giant frog zombie (D:12)
  Dowan (D:9)
  16 crimson imps
  6 goliath beetles
  A lava snake (Lair:8)
  9 centaur zombies
  51 orc wizards
  Crazy Yiuf (D:7)
  35 orc priests
  9 iguanas
  A wasp zombie (D:9)
  A giant frog skeleton (D:5)
  17 jellies
  27 worker ants
  57 sheep
  A killer bee zombie (D:9)
  6 ogre zombies (D:11)
  A worker ant zombie (D:6)
  3 hound skeletons
  A mummy (D:9)
  26 adders
  17 gnolls
  88 river rats
  A giant mite (D:2)
  4 shadow imps
  5 worms
  2 adder skeletons
  6 giant geckos
  4 oozes
  185 orcs
  A ball python (D:5)
  A bat skeleton (D:5)
  7 giant cockroaches
  2 gnoll zombies (D:2)
  22 hobgoblins
  15 quokkas
  22 bats
  5 giant newts
  A giant spore (D:13)
  15 goblins
  3 goblin skeletons (D:11)
  3 goblin zombies (D:11)
  3 hobgoblin zombies (D:11)
  13 jackals
  26 kobolds
  An orc skeleton (D:11)
  15 orc zombies (D:11)
  20 rats
  3 ballistomycetes (D:13)
  A block of ice (Zot:5)
  A crawling corpse (Elf:3)
  15 fungi
  6 plants
  6 tentacles (Hell)
3507 creatures vanquished.

Vanquished Creatures (collateral kills)
  A tentacled monstrosity (Zot:3)
  3 Orb Guardians (Zot:5)
  3 acid blobs (Slime:6)
  A shadow dragon (Vaults:5)
  A storm dragon (Vaults:5)
  A draconian scorcher (Zot:3)
  A reaper (Zot:5)
  A draconian shifter (Zot:4)
  A green draconian (Zot:5)
  2 mottled draconians (Zot:3)
  2 purple draconians (Zot:5)
  A death cob (Zot:3)
  A great orb of eyes (Slime:3)
  3 moths of wrath
  A fire vortex (Hell)
  4 slime creatures
  A soldier ant (Lair:8)
  4 ice beasts (Lair:5)
  An ogre (Orc:1)
  A killer bee (D:8)
  A hound (D:11)
  An orc priest (Orc:1)
  2 jellies (Slime:6)
  6 worker ants (Lair:8)
  2 adders
  2 gnolls
  13 river rats
  11 orcs (Orc:1)
  A crawling corpse (Elf:3)
  3 fungi
  5 plants
81 creatures vanquished.

Vanquished Creatures (others)
  A Killer Klown zombie (Zot:5)
  2 storm dragon zombies (Zot:3)
  A shadow dragon zombie (Zot:3)
  3 draconian zombies
  A moth of wrath (Zot:5)
  A mottled draconian zombie (Zot:3)
  2 purple draconian zombies (Zot:5)
  A grey draconian zombie (Zot:3)
  238 fire vortices
  2 ravens (Swamp:4)
  A fire dragon zombie (Zot:3)
  A water moccasin (Swamp:4)
  An ice beast (D:12)
  An ogre (Vaults:4)
  A spiny frog simulacrum (Hell)
  A crimson imp (D:3)
  An iron imp (D:4)
  An orc (Orc:1)
  A giant spore (D:13)
  2 ballistomycetes (D:13)
  10 blocks of ice
  6 bushes (D:12)
  50 fungi
  36 plants
  A snaplasher vine (Lair:5)
  318 snaplasher vine segments
  6 tentacles (Hell)
  69 tentacle segments (Hell)
759 creatures vanquished.

Grand Total: 4347 creatures vanquished

Notes
Turn   | Place    | Note
--------------------------------------------------------------
     0 | D:1      | faibistes, the Deep Elf Wizard, began the quest for the Orb.
     0 | D:1      | Reached XP level 1. HP: 10/10 MP: 6/6
   311 | D:1      | Reached XP level 2. HP: 15/15 MP: 7/9
   315 | D:1      | Learned a level 2 spell: Blink
   318 | D:1      | Learned a level 2 spell: Call Imp
  1168 | D:2      | Reached XP level 3. HP: 19/19 MP: 0/13
  1173 | D:2      | Learned a level 3 spell: Conjure Flame
  1177 | D:2      | Learned a level 3 spell: Mephitic Cloud
  1428 | D:2      | Reached skill level 5 in Spellcasting
  1528 | D:2      | Found a burning altar of Makhleb.
  1528 | D:2      | Found a snail-covered altar of Cheibriados.
  1548 | D:2      | Found a sacrificial altar of Ru.
  1692 | D:2      | Reached XP level 4. HP: 24/24 MP: 12/17
  1726 | D:2      | Learned a level 2 spell: Repel Missiles
  2663 | D:2      | Found a basalt altar of Yredelemnul.
  3100 | D:3      | Found an opulent altar of Gozag.
  3106 | D:3      | Reached XP level 5. HP: 28/28 MP: 18/20
  3119 | D:3      | Found a sparkling altar of Nemelex Xobeh.
  3215 | D:3      | Reached skill level 6 in Spellcasting
  3824 | D:3      | Found a shimmering altar of Xom.
  4224 | D:3      | Found an iron altar of Okawaru.
  4246 | D:4      | Noticed an ice beast
  4247 | D:4      | Noticed an ogre
  4271 | D:4      | Killed an ogre
  4271 | D:4      | Reached skill level 7 in Spellcasting
  4271 | D:4      | Reached XP level 6. HP: 32/32 MP: 10/23
  4296 | D:4      | Killed an ice beast
  4469 | D:5      | Entered Level 5 of the Dungeon
  4793 | D:4      | Reached skill level 1 in Fighting
  4869 | D:4      | Reached XP level 7. HP: 38/38 MP: 20/25
  4880 | D:4      | Noticed a phantom
  4898 | D:4      | Noticed an ogre
  4913 | D:4      | Killed an ogre
  4920 | D:4      | Killed a phantom
  4920 | D:4      | Reached skill level 8 in Spellcasting
  5019 | D:4      | Found Ymagemul's Distillery.
  5053 | D:4      | Bought a potion of curing for 39 gold pieces
  5053 | D:4      | Bought a potion of heal wounds for 65 gold pieces
  5681 | D:5      | Reached skill level 5 in Dodging
  5808 | D:5      | Noticed Menkaure
  5823 | D:5      | Killed Menkaure
  5823 | D:5      | Reached skill level 9 in Spellcasting
  5823 | D:5      | Reached XP level 8. HP: 13/46 MP: 19/28
  6069 | D:5      | Identified the Guide on Lethal Companions
  6116 | D:6      | Got a pair of slimy boots
  6122 | D:6      | Identified the +1 pair of boots of the Sunfish {rN+ MR+} (You found it on level 6 of the Dungeon)
  6148 | D:5      | Identified the Incunabulum of Entrancing Dislocation
  6342 | D:5      | Found a blossoming altar of Fedhas.
  6964 | D:6      | Found Klecuoce's Elemental Accessories.
  7037 | D:6      | Noticed Edmund
  7055 | D:6      | Killed Edmund
  7215 | D:7      | Reached skill level 10 in Spellcasting
  7766 | D:6      | Reached skill level 5 in Fighting
  7797 | D:6      | Reached XP level 9. HP: 54/54 MP: 23/30
  7852 | D:6      | Noticed a troll
  7864 | D:6      | Killed a troll
  8104 | D:6      | Reached skill level 11 in Spellcasting
  8247 | D:6      | Found a shattered altar of Ashenzari.
  9124 | D:7      | Found a staircase to the Ecumenical Temple.
  9171 | Temple   | Entered the Ecumenical Temple
  9407 | Temple   | Became a worshipper of Sif Muna the Loreminder
  9763 | D:7      | Found Yraef's Antique Weapon Shop.
  9791 | D:7      | Bought a glowing dagger for 54 gold pieces
  9838 | D:7      | Noticed Crazy Yiuf
  9845 | D:7      | Killed Crazy Yiuf
  9845 | D:7      | Reached skill level 1 in Air Magic
  9924 | D:7      | Reached skill level 1 in Fire Magic
  9924 | D:7      | Reached skill level 1 in Poison Magic
 10220 | D:8      | Acquired Sif Muna's first power
 10798 | D:8      | Identified Iskenderun's Tome of Confrontation (You found it on level 8 of the Dungeon)
 10883 | D:9      | Found a shadowy altar of Dithmenos.
 10962 | D:9      | Reached XP level 10. HP: 38/60 MP: 24/32
 10980 | D:9      | Noticed Dowan
 10983 | D:9      | Noticed Duvessa
 10991 | D:9      | Found a staircase to the Lair.
 10993 | D:9      | Noticed an elephant
 11110 | D:8      | Learned a level 5 spell: Fireball
 11117 | D:8      | Learned a level 6 spell: Iron Shot
 11219 | D:8      | Reached skill level 12 in Spellcasting
 11560 | D:9      | Paralysed by an orc for 3 turns
 11579 | D:8      | Reached skill level 1 in Earth Magic
 11699 | D:8      | Acquired Sif Muna's second power
 11805 | D:10     | Entered Level 10 of the Dungeon
 11874 | D:9      | Learned a level 5 spell: Lightning Bolt
 11943 | D:9      | Reached skill level 5 in Conjurations
 12265 | D:9      | Noticed Blork the orc
 12280 | D:9      | Killed Blork the orc
 12628 | D:9      | Killed Duvessa
 12629 | D:9      | Killed Dowan
 12655 | D:9      | Killed an elephant
 12655 | D:9      | Reached skill level 1 in Charms
 12657 | D:9      | Reached skill level 1 in Evocations
 12976 | Lair:1   | Entered Level 1 of the Lair of Beasts
 13005 | Lair:1   | Reached skill level 1 in Invocations
 13693 | Lair:2   | Reached XP level 11. HP: 64/64 MP: 34/34
 13846 | Lair:1   | Noticed a black mamba
 13851 | Lair:1   | Killed a black mamba
 13864 | Lair:1   | Reached skill level 5 in Fire Magic
 14249 | Lair:1   | Acquired Sif Muna's third power
 14931 | Lair:2   | Reached skill level 5 in Air Magic
 15300 | Lair:2   | Reached skill level 13 in Spellcasting
 16585 | Lair:2   | Noticed a four-headed hydra
 16597 | Lair:2   | Killed a four-headed hydra
 16597 | Lair:2   | Reached skill level 5 in Earth Magic
 16597 | Lair:2   | Reached XP level 12. HP: 71/71 MP: 22/35
 16986 | Lair:3   | Noticed Nergalle
 17014 | Lair:2   | Killed Nergalle
 17014 | Lair:2   | Reached skill level 5 in Invocations
 17526 | Lair:3   | Reached skill level 5 in Translocations
 17652 | Lair:3   | Noticed a five-headed hydra
 17666 | Lair:3   | Killed a five-headed hydra
 17826 | Lair:3   | Noticed Gastronok
 17838 | Lair:3   | Killed Gastronok
 17838 | Lair:3   | Reached skill level 5 in Charms
 18351 | Lair:4   | Noticed Fannar
 18356 | Lair:4   | Killed Fannar
 18488 | Lair:3   | Noticed Maud
 18732 | Lair:2   | Killed Maud
 19725 | Lair:4   | Reached skill level 14 in Spellcasting
 19834 | Lair:5   | Received a gift from Sif Muna
 19878 | Lair:5   | Noticed a six-headed hydra
 19894 | Lair:5   | Killed a six-headed hydra
 20080 | Lair:2   | Learned a level 5 spell: Summon Forest
 20149 | Lair:2   | Reached XP level 13. HP: 76/76 MP: 27/37
 22604 | Lair:6   | Found a staircase to the Swamp.
 22728 | Lair:6   | Reached skill level 5 in Evocations
 23245 | Lair:7   | Noticed Snorg
 23384 | Lair:5   | Found a glowing silver altar of Zin.
 23441 | Lair:5   | Noticed a seven-headed hydra
 23449 | Lair:5   | Killed a seven-headed hydra
 23572 | Lair:5   | Noticed a catoblepas
 23583 | Lair:5   | Killed a catoblepas
 24014 | Lair:5   | Received a gift from Sif Muna
 24015 | Lair:5   | Identified Sif Muna's Second Course in Theurgy (Sif Muna gifted it to you on level 5 of the Lair of Beasts)
 24022 | Lair:5   | Learned a level 5 spell: Lee's Rapid Deconstruction
 24252 | Lair:5   | Found a hole to the Spider Nest.
 25482 | Lair:8   | Entered Level 8 of the Lair of Beasts
 25510 | Lair:7   | Killed Snorg
 25510 | Lair:7   | Reached skill level 15 in Spellcasting
 25510 | Lair:7   | Reached XP level 14. HP: 74/82 MP: 20/38
 25649 | Lair:7   | Got a twisted scimitar
 25650 | Lair:7   | Identified the +6 scimitar of Dissent {slice, Str+4 Int+3} (You found it on level 7 of the Lair of Beasts)
 26259 | Lair:6   | Found a staircase to the Slime Pits.
 26260 | Lair:6   | Found a viscous altar of Jiyva.
 27662 | Lair:8   | Found a stormy altar of Qazlal.
 28190 | Lair:8   | Learned a level 4 spell: Petrify
 28468 | Lair:8   | Reached skill level 1 in Transmutations
 30176 | Lair:8   | Received a gift from Sif Muna
 30177 | Lair:8   | Identified Sif Muna's Guide on Confrontation and the Voyage (Sif Muna gifted it to you on level 8 of the Lair of Beasts)
 30607 | Lair:2   | Learned a level 4 spell: Force Lance
 31179 | Lair:8   | Got a scorched quarterstaff
 31180 | Lair:8   | Identified the cursed -1 quarterstaff of Trauma {pain, rPois Str+2 Dex+3} (You found it on level 8 of the Lair of Beasts)
 31495 | D:11     | Noticed a cyclops
 31500 | D:11     | Killed a cyclops
 31508 | D:10     | Noticed Urug
 31516 | D:10     | Killed Urug
 32442 | D:11     | Noticed Joseph
 32447 | D:11     | Killed Joseph
 32447 | D:11     | Reached skill level 10 in Dodging
 32455 | D:11     | Noticed an orc knight
 32474 | D:11     | Killed an orc knight
 32487 | D:11     | Noticed an orc sorcerer
 32488 | D:11     | Killed an orc sorcerer
 32762 | D:11     | Identified a scroll of acquirement
 33488 | D:11     | Found a staircase to the Orcish Mines.
 33563 | D:11     | Noticed Maurice
 33569 | D:11     | Killed Maurice
 33569 | D:11     | Reached XP level 15. HP: 88/88 MP: 5/39
 33774 | D:11     | Found Ymunanaat's Gadget Emporium.
 33987 | Orc:1    | Entered Level 1 of the Orcish Mines
 33990 | Orc:1    | Noticed Psyche
 33996 | Orc:1    | Killed Psyche
 34783 | Orc:1    | Found Keuget's Gadget Emporium.
 35383 | Orc:2    | Found Kauwug's Armour Boutique.
 35640 | Orc:3    | Found Geyqayza's Gadget Emporium.
 35650 | Orc:4    | Entered Level 4 of the Orcish Mines
 35966 | Orc:4    | Found a shimmering altar of Xom.
 36423 | Orc:3    | Found a bloodstained altar of Trog.
 37209 | Orc:4    | Reached skill level 10 in Invocations
 37642 | Orc:4    | Found a staircase to the Elven Halls.
 38180 | Orc:4    | Found Idupsa's Distillery.
 38187 | Orc:4    | Found Braibuo's Antique Armour Boutique.
 38187 | Orc:4    | Found Gianol's Distillery.
 38188 | Orc:4    | Found Ocara's Jewellery Boutique.
 38197 | Orc:4    | Bought a potion of heal wounds for 75 gold pieces
 38197 | Orc:4    | Bought a potion of flight for 45 gold pieces
 38199 | Orc:4    | Bought an uncursed ring of wizardry for 420 gold pieces
 38200 | Orc:4    | Bought a glowing cloak for 121 gold pieces
 38242 | Orc:4    | Bought a glowing cloak for 121 gold pieces
 38935 | D:4      | Bought a potion of mutation for 32 gold pieces
 38935 | D:4      | Bought a potion of resistance for 130 gold pieces
 39100 | Lair:2   | Learned a level 5 spell: Iskenderun's Battlesphere
 39115 | Lair:2   | Learned a level 5 spell: Bolt of Magma
 39236 | Elf:1    | Entered Level 1 of the Elven Halls
 39403 | Elf:1    | Noticed Louise
 39407 | Elf:1    | Killed Louise
 39482 | Elf:1    | Found a radiant altar of Vehumet.
 39638 | Elf:1    | Reached skill level 10 in Earth Magic
 39802 | Elf:1    | Noticed Sonja
 39804 | Elf:1    | Killed Sonja
 39804 | Elf:1    | Reached skill level 10 in Fire Magic
 40133 | Elf:1    | Reached skill level 16 in Spellcasting
 40475 | Elf:1    | Reached skill level 10 in Conjurations
 40484 | Elf:1    | Received a gift from Sif Muna
 40485 | Elf:1    | Identified Ghakkeij's Guide on Clay (Sif Muna gifted it to you on level 1 of the Elven Halls)
 40592 | Elf:1    | Identified the Papyrus of Conjuration and Feathers (You acquired it on level 1 of the Elven Halls)
 40602 | Elf:1    | Learned a level 6 spell: Bolt of Fire
 40610 | Elf:1    | Learned a level 6 spell: Deflect Missiles
 40670 | Elf:1    | Identified the Grimoire of Calling
 40688 | Elf:1    | Noticed Kirke
 40693 | Elf:1    | Killed Kirke
 40894 | Elf:1    | Noticed Josephine
 40895 | Elf:1    | Killed Josephine
 41472 | Elf:2    | Found Mauduin's Food Shoppe.
 41785 | Elf:2    | Found a huge runed gate.
 41786 | Elf:2    | Found a huge runed gate.
 41787 | Elf:2    | Found a huge runed gate.
 41787 | Elf:2    | Found a huge runed gate.
 41788 | Elf:2    | Found a huge runed gate.
 42048 | Elf:2    | Noticed Jorgrun
 42055 | Elf:2    | Killed Jorgrun
 42466 | Elf:2    | Reached XP level 16. HP: 26/94 MP: 12/40
 43368 | Elf:2    | Noticed a deep elf blademaster
 43761 | Elf:2    | Received a gift from Sif Muna
 43762 | Elf:2    | Identified Sif Muna's Collected Works on Translocation and Attacks (Sif Muna gifted it to you on level 2 of the Elven Halls)
 44095 | Elf:2    | Killed a deep elf blademaster
 44508 | Swamp:1  | Entered Level 1 of the Swamp
 44823 | Swamp:1  | Reached skill level 17 in Spellcasting
 49214 | Swamp:5  | Entered Level 5 of the Swamp
 49627 | Swamp:4  | Received a gift from Sif Muna
 49630 | Swamp:4  | Identified Fuehibav's Catalogue of Plasticity (Sif Muna gifted it to you on level 4 of the Swamp)
 49635 | Swamp:4  | Reached XP level 17. HP: 100/100 MP: 27/42
 49771 | Swamp:3  | Learned a level 5 spell: Ignite Poison
 49903 | Swamp:4  | Learned a level 7 spell: Ring of Flames
 50220 | Spider:1 | Entered Level 1 of the Spider Nest
 54091 | Spider:3 | Reached skill level 18 in Spellcasting
 55061 | Spider:4 | Noticed Frances
 55065 | Spider:4 | Killed Frances
 55937 | Spider:3 | Received a gift from Sif Muna
 56387 | Lair:2   | Learned a level 6 spell: Poisonous Cloud
 56862 | Spider:5 | Entered Level 5 of the Spider Nest
 57839 | Spider:4 | Noticed Azrael
 58510 | Spider:4 | Got a transparent spear
 58511 | Spider:4 | Identified the -2 spear "Tuthoq" {venom, Stlth+} (You found it on level 4 of the Spider Nest)
 59077 | Spider:4 | Killed Azrael
 60101 | Spider:5 | Reached XP level 18. HP: 107/107 MP: 38/43
 62753 | Swamp:4  | Reached skill level 10 in Fighting
 64237 | Swamp:1  | Received a gift from Sif Muna
 64238 | Swamp:1  | Identified Sif Muna's Reference Book on Aid and Orientation (Sif Muna gifted it to you on level 1 of the Swamp)
 64801 | D:13     | Noticed Harold
 64803 | D:13     | Killed Harold
 65087 | D:13     | Found an ancient bone altar of Kikubaaqudgha.
 65089 | D:13     | Reached skill level 19 in Spellcasting
 65317 | D:12     | Noticed a storm dragon
 65320 | D:12     | Killed a storm dragon
 65672 | D:12     | Noticed a frost giant
 65675 | D:12     | Killed a frost giant
 65680 | D:12     | Noticed a storm dragon
 65910 | D:12     | Killed a storm dragon
 66625 | D:14     | Found a gate to the Vaults.
 66697 | D:13     | Gained mutation: Your flesh is heat resistant. [potion of beneficial mutation]
 67262 | D:14     | Found an iron altar of Okawaru.
 67385 | D:15     | Entered Level 15 of the Dungeon
 67870 | D:14     | Reached XP level 19. HP: 112/112 MP: 44/44
 68921 | D:15     | Received a gift from Sif Muna
 68922 | D:15     | Identified Sif Muna's Handbook of Twisted Good Luck (Sif Muna gifted it to you on level 15 of the Dungeon)
 69527 | D:15     | Found Vayjas' Jewellery Emporium.
 69539 | D:15     | Bought the amulet of Virtue {rElec Regen+ Stlth+} for 655 gold pieces
 69539 | D:15     | Bought an uncursed amulet of resist mutation for 560 gold pieces
 69787 | Lair:2   | Learned a level 6 spell: Haste
 69938 | D:15     | Found Susanuat's Magic Scroll Shop.
 69955 | D:15     | Bought a scroll of teleportation for 42 gold pieces
 69955 | D:15     | Bought a scroll of holy word for 105 gold pieces
 69955 | D:15     | Bought a scroll of summoning for 133 gold pieces
 70447 | D:15     | Found a staircase to the Depths.
 72809 | Spider:5 | Reached XP level 20. HP: 119/119 MP: 42/45
 73947 | Spider:5 | Got a gossamer rune of Zot
 74459 | Lair:2   | Learned a level 7 spell: Controlled Blink
 74669 | Swamp:5  | Reached skill level 20 in Spellcasting
 74860 | Swamp:5  | Received a gift from Sif Muna
 75877 | Swamp:5  | Reached skill level 10 in Translocations
 76205 | Swamp:5  | Noticed the 27-headed Lernaean hydra
 76224 | Swamp:5  | Killed the 27-headed Lernaean hydra
 76435 | Swamp:5  | Got a decaying rune of Zot
 77800 | Vaults:1 | Entered Level 1 of the Vaults
 78068 | Vaults:1 | Noticed DEFE's ghost (mighty DEWr)
 78517 | Vaults:1 | Killed DEFE's ghost
 79679 | Vaults:1 | Received a gift from Sif Muna
 79684 | Vaults:1 | Identified Sif Muna's Catalogue of Combat Magic and Weightlessness (Sif Muna gifted it to you on level 1 of the Vaults)
 80098 | Vaults:1 | Noticed Aizul
 80278 | Vaults:1 | Killed Aizul
 80476 | Vaults:1 | Reached skill level 15 in Conjurations
 81040 | Vaults:1 | Noticed DEFE's ghost (mighty DEWr)
 81640 | Lair:2   | Learned a level 8 spell: Lehudib's Crystal Spear
 82628 | Vaults:2 | Noticed Xtahua
 82638 | Vaults:2 | Killed Xtahua
 83053 | Vaults:2 | Reached skill level 21 in Spellcasting
 83160 | Vaults:2 | Noticed Saint Roka
 83169 | Vaults:2 | Killed Saint Roka
 83169 | Vaults:2 | Reached skill level 15 in Earth Magic
 83169 | Vaults:2 | Reached XP level 21. HP: 97/124 MP: 14/46
 83901 | Vaults:2 | Reached skill level 15 in Fire Magic
 84743 | Vaults:2 | Received a gift from Sif Muna
 84753 | Vaults:2 | Identified Sif Muna's Incunabulum of Combat Magic and Flames (Sif Muna gifted it to you on level 2 of the Vaults)
 86033 | Vaults:2 | Noticed Mennas
 87981 | Vaults:3 | Found a staircase to the Crypt.
 87981 | Vaults:3 | Found a basalt altar of Yredelemnul.
 87982 | Vaults:3 | Found an ancient bone altar of Kikubaaqudgha.
 88788 | Vaults:3 | Received a gift from Sif Muna
 88788 | Vaults:3 | Reached skill level 22 in Spellcasting
 88789 | Vaults:3 | Identified Sif Muna's Almanac of Burning Confrontation (Sif Muna gifted it to you on level 3 of the Vaults)
 89288 | Vaults:3 | Got a fine silver ring
 89290 | Vaults:3 | Got a steaming halberd
 89291 | Vaults:3 | Identified the +7 halberd "Isinesaf" {holy, MR+} (You took it off a black draconian on level 3 of the Vaults)
 89319 | Vaults:3 | Identified the ring of Riysm {+Fly rC+ Int+2} (You took it off an ironbrand convoker on level 3 of the Vaults)
 90255 | Vaults:3 | Reached XP level 22. HP: 132/132 MP: 42/47
 91352 | Vaults:4 | Received a gift from Sif Muna
 91354 | Vaults:4 | Identified Sif Muna's Reference Book on Lethal Talismans (Sif Muna gifted it to you on level 4 of the Vaults)
 94430 | Depths:1 | Entered Level 1 of the Depths
 94966 | Depths:1 | Gained mutation: You have a pair of small antennae on your head. [potion of beneficial mutation]
 95018 | Depths:1 | Found Mipam's Blood Bar.
 95298 | Depths:1 | Received a gift from Sif Muna
 95299 | Depths:1 | Identified Sif Muna's Catalogue of Torrid Conjuration (Sif Muna gifted it to you on level 1 of the Depths)
 95700 | Depths:1 | Reached skill level 23 in Spellcasting
 96191 | Depths:1 | Found a gateway to Hell.
 97515 | Depths:2 | Found a one-way gate to the infinite horrors of the Abyss.
 98374 | Depths:2 | Noticed the Enchantress
 98389 | Depths:2 | Killed the Enchantress
 98389 | Depths:2 | Reached XP level 23. HP: 137/137 MP: 11/48
 98655 | Depths:2 | Received a gift from Sif Muna
 98712 | Depths:2 | Identified Sif Muna's Guide on Execration and Augmentations (Sif Muna gifted it to you on level 2 of the Depths)
 98866 | Depths:2 | Identified the Almanac of Enchantment and Companions
 99154 | Depths:2 | Found a portal to a secret trove of treasure.
 99171 | Trove    | Entered a treasure trove
 99179 | Trove    | Got a steaming platinum amulet
 99181 | Trove    | Identified the amulet of Ikkip {Ward -Cast rElec rN+ Str+7 Dex+4} (You found it in a treasure trove)
 99194 | Trove    | Got a dazzling cloak
 99205 | Trove    | Identified the -1 cloak "Gyad" {Int+4} (You found it in a treasure trove)
 99627 | Depths:2 | Got a pitted morningstar
 99628 | Depths:2 | Identified the cursed +2 morningstar "Echamm" {drain, MR+ Int+5 SInv} (You found it on level 2 of the Depths)
101249 | Depths:4 | Noticed Boris
102127 | Lair:2   | Learned a level 9 spell: Fire Storm
103963 | Depths:3 | Found a runed door.
104511 | Depths:3 | Got a steaming executioner's axe
104512 | Depths:3 | Identified the +6 executioner's axe "Killer Klown's Peril" {vamp, Int-2 Dex+4 SInv} (You took it off a deep elf mage on level 3 of the Depths)
104823 | Depths:3 | Got a slimy helmet
104824 | Depths:3 | Identified the +1 helmet of the Sky {+Blink MR+ Slay-4} (You found it on level 3 of the Depths)
105726 | Depths:3 | Reached skill level 24 in Spellcasting
107733 | Depths:3 | Reached XP level 24. HP: 144/144 MP: 25/48
108255 | Depths:3 | Found a one-way gate leading to the halls of Pandemonium.
108379 | Depths:3 | Identified Ryihoa's Incunabulum of Unholy Rites
109739 | Depths:4 | Killed Boris
109984 | Depths:4 | Found an iron altar of Okawaru.
110236 | Depths:4 | Found a gateway to a ziggurat.
110252 | Depths:5 | Entered Level 5 of the Depths
111665 | Depths:5 | Received a gift from Sif Muna
111666 | Depths:5 | Identified Sif Muna's Volume of Dislocation (Sif Muna gifted it to you on level 5 of the Depths)
112195 | Depths:5 | Found a gate to the Realm of Zot.
113303 | Depths:5 | Received a gift from Sif Muna
113304 | Depths:5 | Identified Lehudib's Incunabulum of Arcane Weapons (Sif Muna gifted it to you on level 5 of the Depths)
113521 | Depths:5 | Reached skill level 25 in Spellcasting
113787 | Depths:4 | Reached XP level 25. HP: 150/150 MP: 28/49
114078 | Lair:2   | Learned a level 9 spell: Shatter
114081 | Lair:2   | Learned a level 2 spell: Throw Frost
114415 | Elf:3    | Entered Level 3 of the Elven Halls
114424 | Elf:3    | Found Vikedeu's Food Emporium.
115296 | Elf:3    | Reached skill level 1 in Ice Magic
115699 | Elf:3    | Got a scorched amber ring
115705 | Elf:3    | Identified the ring "Foyseid" {+/*Tele -Cast +Blink rF+ MR+} (You took it off a deep elf high priest on level 3 of the Elven Halls)
115710 | Elf:3    | Got a warped robe
115710 | Elf:3    | Got a pitted bronze amulet
115712 | Elf:3    | Identified the amulet "Suerusch" {+Rage rElec rC+ MP-9 Int+4} (You took it off a deep elf mage on level 3 of the Elven Halls)
115729 | Elf:3    | Identified the +2 robe of the Gravedigger {Dex+5} (You took it off a deep elf fighter on level 3 of the Elven Halls)
115741 | Elf:3    | Got a slimy great sword
115742 | Elf:3    | Identified the +5 great sword of Defiance {slice, MR- Dex+5} (You took it off a deep elf knight on level 3 of the Elven Halls)
115792 | Elf:3    | Got a transparent morningstar
115830 | Elf:3    | Identified the +8 morningstar of Order {crush, rElec rF- rN+ Int+5 Stlth+} (You took it off a deep elf death mage on level 3 of the Elven Halls)
115940 | Elf:3    | Received a gift from Sif Muna
115941 | Elf:3    | Identified Lehudib's Almanac of Battle Magic (Sif Muna gifted it to you on level 3 of the Elven Halls)
116121 | Elf:3    | HP: 5/150 [deep elf blademaster/rapier (17)]
116122 | Elf:3    | HP: 1/150 [deep elf blademaster/rapier (13)]
116295 | Elf:3    | Got a crude triple sword
116296 | Elf:3    | Identified the cursed +0 triple sword of the Sky {slice, Int+3} (You took it off a deep elf death mage on level 3 of the Elven Halls)
116320 | Elf:3    | Got a steaming bronze ring
116322 | Elf:3    | Identified the ring "Vuhihel" {-Cast +Fly Int+4 Dex+5} (You found it on level 3 of the Elven Halls)
118110 | Vaults:5 | Entered Level 5 of the Vaults
118112 | Vaults:5 | Reached skill level 5 in Ice Magic
118112 | Vaults:5 | Received a gift from Sif Muna
118259 | Vaults:5 | Noticed an ancient lich
118261 | Vaults:5 | Killed an ancient lich
118601 | Vaults:5 | Reached skill level 26 in Spellcasting
118602 | Vaults:5 | Received a gift from Sif Muna
118605 | Vaults:5 | Noticed an ancient lich
118780 | Vaults:5 | Reached XP level 26. HP: 147/159 MP: 38/50
118781 | Vaults:5 | Killed an ancient lich
119561 | Vaults:5 | Noticed an ancient lich
119563 | Vaults:5 | Killed an ancient lich
120052 | Vaults:5 | Received a gift from Sif Muna
120195 | Vaults:5 | Identified Sif Muna's Papyrus of the Entourage (Sif Muna gifted it to you on level 5 of the Vaults)
120201 | Vaults:5 | Identified Sif Muna's Papyrus of Confrontation (Sif Muna gifted it to you on level 5 of the Vaults)
120297 | Vaults:5 | Got a coiled granite ring
120299 | Vaults:5 | Identified the cursed ring of Riovyemn {rN++ AC-2 Int-2 SInv} (You took it off a deep elf fighter on level 5 of the Vaults)
120340 | Vaults:5 | Got a silver rune of Zot
120419 | Vaults:5 | Found Guutacau's General Store.
120820 | Vaults:5 | Identified a +9 rod of inaccuracy (14/14) (You found it on level 5 of the Vaults)
120829 | Vaults:5 | Got an ancient scimitar
120833 | Vaults:5 | Identified the +2 scimitar of Homirr {vamp, rN+ MR+ Str+2 Int-2} (You found it on level 5 of the Vaults)
121449 | Vaults:5 | Identified Further Progress in Spellcraft
121933 | Lair:2   | Learned a level 3 spell: Regeneration
122254 | Depths:5 | Reached skill level 1 in Necromancy
122366 | Zot:1    | Entered Level 1 of the Realm of Zot
122381 | Zot:1    | Reached skill level 10 in Ice Magic
123204 | Zot:1    | Reached skill level 15 in Fighting
123422 | Zot:1    | Received a gift from Sif Muna
123426 | Zot:1    | Identified Sif Muna's Handbook of the Spider (Sif Muna gifted it to you on level 1 of the Realm of Zot)
126784 | Zot:2    | Received a gift from Sif Muna
126784 | Zot:2    | Reached skill level 5 in Necromancy
126785 | Zot:2    | Identified Sif Muna's Disquisition on Necromancy (Sif Muna gifted it to you on level 2 of the Realm of Zot)
126792 | Zot:2    | Learned a level 4 spell: Animate Dead
128319 | Zot:3    | Reached XP level 27. HP: 166/166 MP: 50/50
128372 | Zot:3    | Reached skill level 27 in Spellcasting
129401 | Zot:3    | Received a gift from Sif Muna
129402 | Zot:3    | Identified Sif Muna's Almanac of Dark Arts (Sif Muna gifted it to you on level 3 of the Realm of Zot)
129698 | Zot:2    | Found a radiant altar of Vehumet.
129949 | Zot:2    | Found a deep blue altar of Sif Muna.
129976 | Zot:2    | Found a white marble altar of Elyvilon.
130349 | Zot:3    | Noticed an orb of fire
130350 | Zot:3    | Gained mutation: Scrolls take you a little longer to read. [an orb of fire]
130367 | Zot:3    | Killed an orb of fire
130743 | Zot:4    | Noticed faibistes' ghost (legendary DEWz)
130751 | Zot:4    | Killed faibistes' ghost
131130 | Zot:4    | Received a gift from Sif Muna
131132 | Zot:4    | Identified Fosseshru's Compendium of Sinister Magic and Talismans (Sif Muna gifted it to you on level 4 of the Realm of Zot)
131940 | Zot:5    | Entered Level 5 of the Realm of Zot
133040 | Zot:2    | Received a gift from Sif Muna
133041 | Zot:2    | Identified Sif Muna's Disquisition on Sinister Secrets (Sif Muna gifted it to you on level 2 of the Realm of Zot)
133427 | Lair:2   | Learned a level 9 spell: Glaciate
133653 | Hell     | Entered the Vestibule of Hell
133653 | Hell     | Noticed Geryon
133658 | Hell     | Killed Geryon
135040 | Hell     | Found a gateway to the Iron City of Dis.
135291 | Hell     | Found a gateway to the ashen valley of Gehenna.
135510 | Hell     | Found a gateway to the decaying netherworld of Tartarus.
135588 | Hell     | Found a gateway to the freezing wastes of Cocytus.
136098 | Zot:5    | Received a gift from Sif Muna
136099 | Zot:5    | Identified Sif Muna's Almanac of Stolen Souls (Sif Muna gifted it to you on level 5 of the Realm of Zot)
136109 | Zot:5    | Noticed an ancient lich
136395 | Zot:5    | Killed an ancient lich
136418 | Zot:5    | Reached skill level 10 in Necromancy
136663 | Zot:5    | Noticed an ancient lich
136666 | Zot:5    | Killed an ancient lich
137055 | Zot:5    | Noticed an orb of fire
137059 | Zot:5    | Killed an orb of fire
137059 | Zot:5    | Reached skill level 15 in Ice Magic
137135 | Zot:5    | Noticed an ancient lich
137140 | Zot:5    | Killed an ancient lich
137140 | Zot:5    | Received a gift from Sif Muna
137141 | Zot:5    | Identified Sif Muna's Almanac of Unholy Rites (Sif Muna gifted it to you on level 5 of the Realm of Zot)
137179 | Zot:5    | Learned a level 8 spell: Necromutation
137319 | Zot:5    | Noticed an orb of fire
137323 | Zot:5    | Killed an orb of fire
137333 | Zot:5    | Noticed an ancient lich
137333 | Zot:5    | Killed an ancient lich
138049 | Zot:5    | Noticed an orb of fire
138053 | Zot:5    | Killed an orb of fire
138217 | Zot:4    | Received a gift from Sif Muna
138221 | Zot:4    | Identified Sif Muna's Volume of the Supportive Voyage (Sif Muna gifted it to you on level 4 of the Realm of Zot)
138279 | Zot:5    | Noticed an ancient lich
138285 | Zot:5    | Killed an ancient lich
138290 | Zot:5    | Noticed an ancient lich
138290 | Zot:5    | Noticed magipi's ghost (great FeBe)
138292 | Zot:5    | Killed an ancient lich
138294 | Zot:5    | Killed magipi's ghost
138710 | Zot:5    | Noticed an orb of fire
138714 | Zot:5    | Killed an orb of fire
138926 | Zot:5    | Noticed an orb of fire
138932 | Zot:5    | Killed an orb of fire
139121 | Zot:5    | Received a gift from Sif Muna
139122 | Zot:5    | Identified Sif Muna's Handbook of Freezing Orientation (Sif Muna gifted it to you on level 5 of the Realm of Zot)
139127 | Zot:5    | Noticed an orb of fire
139133 | Zot:5    | Killed an orb of fire
139929 | Orc:4    | Bought a potion of heal wounds for 60 gold pieces
139929 | Orc:4    | Bought a potion of curing for 36 gold pieces
139929 | Orc:4    | Bought a potion of heal wounds for 60 gold pieces
139929 | Orc:4    | Bought a potion of curing for 36 gold pieces
139929 | Orc:4    | Bought a potion of curing for 36 gold pieces
139929 | Orc:4    | Bought a potion of restore abilities for 60 gold pieces
140298 | Slime:1  | Entered Level 1 of the Pits of Slime
140616 | Slime:3  | Received a gift from Sif Muna
140997 | Slime:6  | Entered Level 6 of the Pits of Slime
141030 | Slime:6  | Reached skill level 15 in Necromancy
141044 | Slime:6  | Noticed the royal jelly
141048 | Slime:6  | Killed the royal jelly
141244 | Slime:6  | Slain by an azure jelly

Action                   |  1- 3 |  4- 6 |  7- 9 | 10-12 | 13-15 | 16-18 | 19-21 | 22-24 | 25-27 || total
-------------------------+-------+-------+-------+-------+-------+-------+-------+-------+-------++-------
Melee: Short sword       |       |    28 |    66 |       |       |       |       |       |       ||    94
       Trident           |       |    33 |   133 |    35 |       |       |       |       |       ||   201
       Dagger            |       |       |    14 |   268 |    74 |       |       |       |       ||   356
       Cutlass           |       |       |       |       |    29 |       |       |       |       ||    29
       Scimitar          |       |       |       |       |   121 |    13 |    67 |    30 |       ||   231
       Quarterstaff      |       |       |       |       |       |     5 |     6 |       |       ||    11
       Morningstar       |       |       |       |       |       |       |       |     6 |     1 ||     7
       Staff             |       |       |       |       |       |       |       |       |    17 ||    17
 Cast: Magic Dart        |    85 |   162 |   366 |   193 |    73 |   103 |       |       |       ||   982
       Call Imp          |     5 |     4 |     2 |       |       |       |       |       |       ||    11
       Conjure Flame     |       |    11 |    56 |    91 |    71 |       |       |       |       ||   229
       Mephitic Cloud    |       |     7 |    28 |    48 |    25 |       |       |       |       ||   108
       Repel Missiles    |       |     1 |     2 |     1 |     1 |       |       |       |       ||     5
       Blink             |       |     3 |     5 |    23 |    18 |     8 |     1 |       |       ||    58
       Fireball          |       |       |       |   144 |   504 |   195 |   174 |   131 |    53 ||  1201
       Lightning Bolt    |       |       |       |    23 |    60 |       |       |       |       ||    83
       Lee's Rapid Decon |       |       |       |       |    89 |    82 |   143 |   151 |   100 ||   565
       Summon Forest     |       |       |       |       |     9 |       |       |       |       ||     9
       Force Lance       |       |       |       |       |    53 |   107 |    61 |    41 |    26 ||   288
       Iron Shot         |       |       |       |       |     5 |     2 |       |       |       ||     7
       Petrify           |       |       |       |       |     2 |       |       |       |       ||     2
       Bolt of Fire      |       |       |       |       |    14 |   228 |   340 |   357 |   251 ||  1190
       Iskenderun's Batt |       |       |       |       |    11 |    42 |       |       |       ||    53
       Bolt of Magma     |       |       |       |       |     4 |       |       |       |       ||     4
       Deflect Missiles  |       |       |       |       |     1 |     4 |     1 |     3 |     7 ||    16
       Ignite Poison     |       |       |       |       |       |   118 |    51 |       |       ||   169
       Ring of Flames    |       |       |       |       |       |    72 |    85 |    37 |    47 ||   241
       Poisonous Cloud   |       |       |       |       |       |     9 |    30 |     6 |       ||    45
       Haste             |       |       |       |       |       |       |     7 |     6 |    34 ||    47
       Lehudib's Crystal |       |       |       |       |       |       |    12 |    91 |   156 ||   259
       Controlled Blink  |       |       |       |       |       |       |    10 |    15 |    16 ||    41
       Fire Storm        |       |       |       |       |       |       |       |    25 |   206 ||   231
       Shatter           |       |       |       |       |       |       |       |       |    48 ||    48
       Animate Dead      |       |       |       |       |       |       |       |       |    15 ||    15
       Necromutation     |       |       |       |       |       |       |       |       |    44 ||    44
       Glaciate          |       |       |       |       |       |       |       |       |    44 ||    44
Invok: Channel Energy    |       |       |       |    16 |    72 |    35 |    93 |    51 |   398 ||   665
       Forget Spell      |       |       |       |       |     4 |     2 |     4 |       |     5 ||    15
 Abil: Evoke Invisibilit |       |       |       |       |       |     4 |     2 |       |       ||     6
Evoke: Wand              |       |       |       |     3 |     1 |     3 |     5 |       |     1 ||    13
  Use: Scroll            |       |     2 |     6 |    14 |    20 |     8 |     9 |    13 |     9 ||    81
       Potion            |       |       |       |     2 |     8 |     5 |    11 |     2 |    11 ||    39
 Stab: Confused          |       |       |    12 |     9 |     1 |       |       |       |       ||    22
       Sleeping          |       |       |       |     2 |       |       |       |       |       ||     2
       Paralysed         |       |       |       |       |     1 |     1 |       |       |       ||     2
       Petrifying        |       |       |       |       |     1 |       |       |       |       ||     1
       Invisible         |       |       |       |       |       |       |     2 |       |       ||     2
  Eat: Chunk             |     2 |    10 |    19 |    32 |    56 |    32 |    40 |    41 |    18 ||   250
       Fruit             |       |       |       |     1 |    10 |     5 |     5 |     5 |     6 ||    32
       Beef jerky        |       |       |       |     2 |     3 |     3 |     2 |     2 |     5 ||    17
       Pizza             |       |       |       |       |     2 |     5 |     1 |     1 |     1 ||    10
       Bread ration      |       |       |       |       |     1 |     9 |     9 |     7 |    15 ||    41
       Royal jelly       |       |       |       |       |     1 |     1 |       |     7 |     1 ||    10
